 Dungeon Crawl Stone Soup version 0.26.1-11-gd32895ea62 (webtiles) character file.

Game seed: 28668416125631817

62 Gerhazo the Conjurer (level 3, -2/26 HPs)
             Began as a Draconian Conjurer on June 7, 2021.
             Slain by a scorpion (8 damage)
             ... on level 4 of the Dungeon.
             The game lasted 00:02:20 (2494 turns).

Gerhazo the Conjurer (Draconian Conjurer)           Turns: 2494, Time: 00:02:21

Health: -2/26      AC:  6    Str:  9    XL:     3   Next: 85%
Magic:  0/7        EV: 12    Int: 19    God:
Gold:   108        SH:  0    Dex:  9    Spells: 4/7 levels left

rFire    + . .     SeeInvis .   (no weapon)
rCold    . . .     Faith    .   (no shield)
rNeg     . . .     Spirit   .   (armour unavailable)
rPois    .         Reflect  .   (helmet restricted)
rElec    .         Harm     .   l - +0 cloak
rCorr    +         Rampage  .   (no gloves)
Will     .....                  (no boots)
Stlth    ++........             (no amulet)
HPRegen  0.08/turn              b - ring of protection from fire
MPRegen  0.10/turn              n - ring of resist corrosion

@: lethally poisoned (-2 -> -10), flying
A: unfitting armour, cold-blooded, AC +5
a: no special abilities


You were on level 4 of the Dungeon.
You visited 1 branch of the dungeon, and saw 4 of its levels.

You collected 108 gold pieces.

Inventory:

Armour
 f - a cursed +0 buckler
 l - a +0 cloak (worn)
Jewellery
 b - a ring of protection from fire (left hand)
 n - a ring of resist corrosion (right hand)
Scrolls
 c - 3 scrolls of identify {unknown}
 e - 3 scrolls of remove curse {unknown}
 g - 2 scrolls of teleportation {unknown}
 j - 2 scrolls of fear {unknown}
 m - a scroll of enchant armour {unknown}
Potions
 a - a potion of berserk rage {unknown}
 d - a potion of curing {unknown}
 h - a potion of ambrosia {unknown}
 k - a potion of lignification {unknown}


   Skills:
 - Level 1.7 Dodging
 - Level 1.7 Stealth
 + Level 2.7 Spellcasting
 * Level 5.1 Conjurations


You had 4 spell levels left.
You knew the following spells:

 Your Spells              Type           Power        Failure   Level
a - Magic Dart            Conj           88%          1%          1
b - Searing Ray           Conj           44%          3%          2

Your spell library contained the following spells:

 Spells                   Type           Power        Failure   Level
 Dazzling Flash           Conj/Hex       24%          17%         3
 Fulminant Prism          Conj/Hex       6%           50%         4
 Iskenderun's Mystic Bla  Conj/Tloc      12%          50%         4


Dungeon Overview and Level Annotations

Branches:
Dungeon (4/15)
 Temple: D:4-7

Altars:
Ashenzari


Innate Abilities, Weirdness & Mutations

Your plain brown scales are hard. (AC +5)
You cannot fit into any form of body armour.
You are cold-blooded and may be slowed by cold attacks.


Message History

* * * LOW HITPOINT WARNING * * *
You feel sick.
* * * LOW HITPOINT WARNING * * *
You feel sick.
You are too injured to fight recklessly!
It was a potion of flight.
You feel very buoyant.
You fly up into the air.
* * * LOW HITPOINT WARNING * * *
You feel sick.
The scorpion stings you but does no damage.
Casting: Searing Ray (safe; 3% risk of failure)
Confirm with . or Enter, or press ? or * to list all spells.
Aiming: Magic Dart (safe; 1% risk of failure)
Press: ? - help, Shift-Dir - straight line, f/p - scorpion
Aim: a scorpion (severely wounded, 0% to evade)
The magic dart hits the scorpion.
The scorpion is almost dead.
The scorpion stings you!
You die...

##.[..#
#?...#
#....#
##...#
#....#
#..?.#
##....#
#...s.##
#...@..#
###....##
###...##
##...##
##...###
##....###
##.....#
##....#
#....#


You could see a scorpion.

Vanquished Creatures
  A centaur skeleton (D:4)
  A dart slug (D:1)
  A ball python (D:4)
  5 giant cockroaches
  4 goblins
  4 hobgoblins
  3 jackals (D:1)
  A bat (D:1)
  A frilled lizard (D:1)
  6 kobolds
  3 rats (D:1)
30 creatures vanquished.

Notes
Turn   | Place    | Note
-------+----------+-------------------------------------------
     0 | D:1      | Gerhazo the Draconian Conjurer began the quest for the Orb.
     0 | D:1      | Reached XP level 1. HP: 14/14 MP: 3/3
   721 | D:1      | Reached XP level 2. HP: 20/20 MP: 1/5
  1901 | D:2      | Learned a level 2 spell: Searing Ray
  1978 | D:2      | Reached XP level 3. HP: 26/26 MP: 3/6
  2172 | D:3      | Found a broken altar of Ashenzari.
  2176 | D:3      | Saw a vision of the Shoals and the Snake Pit.
  2176 | D:3      | Noticed a merfolk
  2176 | D:3      | Noticed a shock serpent
  2176 | D:3      | Noticed a sea snake
  2176 | D:3      | Noticed a centaur
  2176 | D:3      | Noticed a naga warrior
  2176 | D:3      | Noticed a naga mage
  2176 | D:3      | Noticed a sea snake
  2176 | D:3      | Noticed a black mamba
  2176 | D:3      | Noticed a black mamba
  2176 | D:3      | Noticed a centaur
  2176 | D:3      | Noticed an anaconda
  2176 | D:3      | Noticed a naga
  2177 | D:3      | Noticed a sea snake
  2177 | D:3      | Noticed a wind drake
  2178 | D:3      | Noticed a shock serpent
  2178 | D:3      | Noticed a salamander
  2387 | D:4      | Reached skill level 5 in Conjurations
  2479 | D:4      | Noticed a scorpion
  2494 | D:4      | Slain by a scorpion

Illustrated notes

Levels and vault maps discovered:
D:1:      arrival_zaba_pyramid, layout_basic
D:2:      layout_basic, doesnt_xom_only_xom, elyvilon_altar_3
D:3:      layout_basic, grunt_ashenzari_visionary
          [grunt_ashenzari_visionary_shoals, grunt_ashenzari_visionary_snake]
D:4:      layout_layer_cave

Skill      XL: |  1  2  3 |
---------------+----------+-----
Conjurations   | 5 |  5.1
Dodging        | |  1.7
Stealth        | |  1.7
Spellcasting   | |  2.7

Action                   || total
-------------------------++-------
Melee: Unarmed           ||    24
       Tailslap          ||     5
 Cast: Magic Dart        ||    44
       Searing Ray       ||    10
  Use: Potion            ||     1
Armor: Skin              ||    13
Dodge: Dodged            ||    25
